 Dungeon Crawl Stone Soup version 0.30-a0-365-ge7f957f1db (webtiles) character file.

Game seed: 2778146528482566593

19378 billz999 the Skirmisher (level 12, -3/95 HPs)
             Began as a Gnoll Hunter on Nov 15, 2022.
             Was a High Priest of Kikubaaqudgha.
             Slain by a centaur warrior (11 damage)
             ... on level 14 of the Dungeon on Nov 18, 2022.
             The game lasted 00:35:15 (14325 turns).

billz999 the Skirmisher (Gnoll Hunter)             Turns: 14325, Time: 00:35:15

Health: -3/95      AC: 13    Str: 12    XL:     12   Next: 68%
Magic:  23/23      EV: 21    Int: 10    God:    Kikubaaqudgha [*****.]
Gold:   692        SH:  0    Dex: 18    Spells: 19/26 levels left

rFire   . . .      SeeInvis .    Q - +5 short sword
rCold   . . .      Faith    .    (no shield)
rNeg    . . .      Spirit   .    J - +2 steam dragon scales
rPois   +          Reflect  .    u - +0 helmet
rElec   .          Harm     .    (no cloak)
rCorr   .          Rampage  .    r - +0 pair of gloves
Will    .....                    U - +0 pair of boots
Stlth   ++++......               (no amulet)
HPRegen 0.35/turn                C - +4 ring of evasion
MPRegen 0.18/turn                m - ring of poison resistance

@: mighty, studying Armour
A: fangs 1, strong nose, distributed training
a: Renounce Religion, Unearth Wretches, Torment


You were on level 14 of the Dungeon.
You worshipped Kikubaaqudgha.
Kikubaaqudgha was extremely pleased with you.
You visited 2 branches of the dungeon, and saw 16 of its levels.
You also visited: Sewer.

You collected 782 gold pieces.
You spent 90 gold pieces at shops.

Inventory:

Hand Weapons
 a - a +0 shortbow of flaming
 K - a +1 battleaxe of electrocution
 M - a +1 dagger of electrocution
 Q - a +5 short sword (weapon)
Missiles
 y - 7 boomerangs
 B - 12 poisoned darts
Armour
 c - a +0 leather armour
 p - the +1 chain mail "Fium" {rC++}
   (You found it on level 2 of the Dungeon)

   rC:        It greatly protects you from cold.
 r - a +0 pair of gloves (worn)
 t - a +0 pair of gloves
 u - a +0 helmet (worn)
 D - the +1 robe of Yredelemnul's Scorn {Stlth+}
   (You found it on level 5 of the Dungeon)

   Stlth:     It makes you more stealthy.
 J - +2 steam dragon scales (worn)
 U - a +0 pair of boots (worn)
Magical Staves
 b - a staff of death
Jewellery
 k - a ring of resist corrosion
 m - a ring of poison resistance (right hand)
 s - a +4 ring of protection
 C - a +4 ring of evasion (left hand)
 O - a ring of flight
Wands
 v - a wand of flame (13)
 P - a wand of polymorph (10)
 W - a wand of charming (4)
Scrolls
 d - a scroll of blinking
 e - 3 scrolls of noise
 f - a scroll of silence
 i - a scroll of fog
 j - a scroll of brand weapon
 o - 2 scrolls of vulnerability
 q - a scroll of identify
 w - a scroll of poison
 G - 3 scrolls of torment
 I - a scroll of magic mapping {unknown}
 L - a scroll of immolation
 R - a scroll of amnesia {unknown}
 X - a scroll of enchant weapon {unknown}
Potions
 h - a potion of degeneration {unknown}
 l - a potion of might
 n - a potion of attraction {unknown}
 x - 2 potions of cancellation {unknown}
 z - 2 potions of ambrosia {unknown}
 A - a potion of lignification {unknown}
 E - a potion of invisibility {unknown}
 F - a potion of haste {unknown}
 H - 2 potions of brilliance {unknown}
 S - 2 potions of mutation {unknown}
 Y - a potion of flight {unknown}
Miscellaneous
 N - a tin of tremorstones (inert)
 T - a tin of tremorstones (inert)


   Skills:
 + Level 9.1 Fighting
 + Level 7.8 Short Blades
 + Level 7.8 Long Blades
 + Level 7.8 Axes
 + Level 7.8 Maces & Flails
 + Level 7.8 Polearms
 + Level 7.8 Staves
 + Level 11.5 Ranged Weapons
 + Level 7.8 Throwing
 + Level 10.3 Armour
 + Level 9.1 Dodging
 + Level 8.2 Stealth
 + Level 7.8 Shields
 + Level 7.8 Unarmed Combat
 + Level 7.8 Spellcasting
 + Level 6.5 Conjurations
 + Level 6.5 Hexes
 + Level 6.5 Summonings
 + Level 6.5 Necromancy
 + Level 6.5 Translocations
 + Level 6.5 Transmutations
 + Level 6.5 Fire Magic
 + Level 6.5 Ice Magic
 + Level 6.5 Air Magic
 + Level 6.5 Earth Magic
 + Level 6.5 Poison Magic
 + Level 8.5 Invocations
 + Level 7.8 Evocations


You had 19 spell levels left.
You knew the following spells:

 Your Spells              Type           Power      Damage    Failure   Level
a - Cigotuvi's Dreadful   Necr/Pois/Air  32%        N/A       1%          2
b - Borgnjor's Vile Clut  Necr/Erth      8%         N/A       32%         5

Your spell library contained the following spells:

 Spells                   Type           Power      Damage    Failure   Level
 Kiss of Death            Conj/Necr      64%        2d10      1%          1
 Necrotise                Necr           64%        1d7       1%          1
 Slow                     Hex            64%        N/A       1%          1
 Ensorcelled Hibernation  Hex/Ice        32%        N/A       1%          2
 Call Canine Familiar     Summ           16%        N/A       3%          3
 Confusing Touch          Hex            16%        N/A       3%          3
 Gell's Gravitas          Tloc           16%        N/A       3%          3
 Lesser Beckoning         Tloc           32%        N/A       3%          3
 Ozocubu's Armour         Ice            16%        N/A       3%          3
 Portal Projectile        Hex/Tloc       32%        N/A       3%          3
 Spider Form              Tmut/Pois      16%        N/A       3%          3
 Teleport Other           Tloc           16%        N/A       3%          3
 Vampiric Draining        Necr           16%        2d7       3%          3
 Anguish                  Hex/Necr       8%         N/A       12%         4
 Animate Dead             Necr           16%        N/A       12%         4
 Dispel Undead            Necr           16%        3d10      12%         4
 Leda's Liquefaction      Hex/Erth       8%         N/A       12%         4
 Agony                    Necr           16%        N/A       32%         5
 Death Channel            Necr           8%         N/A       88%         6
 Simulacrum               Ice/Necr       8%         N/A       88%         6
 Enfeeble                 Hex            8%         N/A       100%        7
 Ozocubu's Refrigeration  Ice            8%         4d9       100%        7


Dungeon Overview and Level Annotations

Branches:
Dungeon (14/15)            Temple (0/1) D:6            Lair (3/5) D:9
  Swamp (0/4) Lair:2          Orc (0/2) D:9           Sewer (visited)
  Snake: Lair:2-3    Spider: Lair:2-3    Vaults: D:13-14

Altars:
Ashenzari
Cheibriados
Gozag
Hepliaklqana
Kikubaaqudgha
Makhleb
Ru
Sif Muna
Trog
Vehumet
Zin
The Shining One

Annotations:
D:9 2 transporters, exclusion: ice statue
D:11 Urug


Innate Abilities, Weirdness & Mutations

You have very sharp teeth.
Your uncanny sense of smell can sniff out nearby items.
Your experience applies equally to all skills.


Message History

Okay, then.
The centaur warrior shoots an arrow.
The arrow hits you!
The centaur warrior unwields a +0 shortbow.
The centaur warrior hits you but does no damage.
The centaur warrior misses you.
You shoot an arrow.
The arrow hits the centaur warrior but does no damage.
The centaur warrior hits you!
* * * LOW HITPOINT WARNING * * *
The centaur warrior misses you.
Your +0 shortbow of flaming stops flaming.
Q - a +5 short sword (weapon)
The centaur warrior hits you!
* * * LOW HITPOINT WARNING * * *
The centaur warrior closely misses you.
You puncture the centaur warrior!
You bite the centaur warrior, but do no damage.
The centaur warrior is lightly wounded.
It was a potion of might.
You feel very mighty all of a sudden. The centaur warrior hits you!
* * * LOW HITPOINT WARNING * * *
The centaur warrior kicks you but does no damage.
The centaur warrior hits you but does no damage.
The centaur warrior kicks you but does no damage.
You hit the centaur warrior.
The centaur warrior is lightly wounded.
The centaur warrior hits you but does no damage.
The centaur warrior kicks you.
* * * LOW HITPOINT WARNING * * *
You hit the centaur warrior.
You bite the centaur warrior, but do no damage.
The centaur warrior is moderately wounded.
The centaur warrior closely misses you.
The centaur warrior kicks you but does no damage.
You hit the centaur warrior.
The centaur warrior is moderately wounded.
The centaur warrior hits you!
You die...
Kikubaaqudgha rasps: "You have failed me!
Welcome... death!"

..... ..J. ... #.#
#.## #..# .# ###+###
###.### #.....###
#..c..# #....@c.##
#.....## #.....#..#
#.......
#.....##.######.....#
#.....##......#§§§§.#
#..^..#######.§c.§§§#
###+### ###.§§§§#
#§§§§§# ###§### ##..#


You could see a centaur warrior.

Vanquished Creatures
  Josephine (D:10)
  Erica (D:9)
  A two-headed ogre (D:10)
  2 elephants (Lair:3)
  Joseph (D:9)
  2 black mambas
  3 cane toads
  A kobold demonologist (D:8)
  Maggie (D:7)
  3 komodo dragons
  3 trolls
  A polar bear (Lair:3)
  A slime creature (D:8)
  8 blink frogs
  2 jumping spiders (Lair:3)
  A culicivora (Lair:3)
  15 yaks
  3 shadows
  5 wraiths
  5 wyverns
  A redback (Lair:3)
  A basilisk (Lair:2)
  2 steam dragons (D:10)
  A vampire mosquito (D:13)
  A two-headed ogre zombie (D:9)
  4 water moccasins
  An orc warrior (D:7)
  An ice beast (D:6)
  5 wolves (Lair:3)
  7 phantoms
  A centaur (D:6)
  2 kobold brigands
  8 bullfrogs
  A wyvern zombie (D:6)
  A necrophage (D:5)
  A gnoll sergeant (D:9)
  3 scorpions
  A water moccasin zombie (D:6)
  20 wights
  A water moccasin skeleton (D:6)
  2 troll zombies (D:9)
  17 killer bees
  An electric eel (Lair:2)
  5 howler monkeys
  5 bullfrog zombies (D:6)
  3 jellies
  An orc priest (D:7)
  2 centaur zombies (D:6)
  4 hounds
  3 iguanas
  3 orc wizards
  5 ogre zombies (D:9)
  2 howler monkey zombies (D:6)
  14 gnolls
  4 adders
  A howler monkey skeleton (D:6)
  A river rat (D:6)
  An ufetubus (D:6)
  A worm (D:3)
  2 dart slugs
  15 orcs
  10 endoplasms
  12 giant cockroaches
  10 goblins
  9 hobgoblins
  9 jackals (D:1)
  14 kobolds
  6 quokkas
  11 ball pythons
  9 bats
  7 frilled lizards
  A goblin skeleton (D:9)
  2 goblin zombies (D:9)
  4 hobgoblin zombies (D:9)
  2 orc skeletons (D:9)
  16 orc zombies (D:9)
  6 rats
343 creatures vanquished.

Vanquished Creatures (others)
  20 fungi
  19 plants
  9 withered plants (D:6)
48 creatures vanquished.

Grand Total: 391 creatures vanquished

Notes
Turn   | Place    | Note
-------+----------+-------------------------------------------
     0 | D:1      | billz999 the Gnoll Hunter began the quest for the Orb.
     0 | D:1      | Reached XP level 1. HP: 20/20 MP: 1/1
    96 | D:1      | Reached XP level 2. HP: 26/26 MP: 2/2
   228 | D:1      | Found a faded altar of an unknown god.
   285 | D:1      | Reached XP level 3. HP: 31/31 MP: 3/3
   427 | D:1      | Reached skill level 1 in Invocations
   533 | D:1      | Reached skill level 1 in Short Blades
   533 | D:1      | Reached skill level 1 in Long Blades
   533 | D:1      | Reached skill level 1 in Axes
   533 | D:1      | Reached skill level 1 in Maces & Flails
   533 | D:1      | Reached skill level 1 in Polearms
   533 | D:1      | Reached skill level 1 in Staves
   533 | D:1      | Reached skill level 1 in Throwing
   533 | D:1      | Reached skill level 1 in Armour
   533 | D:1      | Reached skill level 1 in Shields
   533 | D:1      | Reached skill level 1 in Unarmed Combat
   533 | D:1      | Reached skill level 1 in Spellcasting
   533 | D:1      | Reached skill level 1 in Evocations
   871 | D:2      | Reached XP level 4. HP: 38/38 MP: 5/5
  1061 | D:2      | Identified the +1 chain mail "Fium" {rC++}
  1480 | D:3      | Reached skill level 1 in Conjurations
  1480 | D:3      | Reached skill level 1 in Hexes
  1480 | D:3      | Reached skill level 1 in Summonings
  1480 | D:3      | Reached skill level 1 in Necromancy
  1480 | D:3      | Reached skill level 1 in Translocations
  1480 | D:3      | Reached skill level 1 in Transmutations
  1480 | D:3      | Reached skill level 1 in Fire Magic
  1480 | D:3      | Reached skill level 1 in Ice Magic
  1480 | D:3      | Reached skill level 1 in Air Magic
  1480 | D:3      | Reached skill level 1 in Earth Magic
  1480 | D:3      | Reached skill level 1 in Poison Magic
  1535 | D:3      | Found an ancient bone altar of Kikubaaqudgha.
  1544 | D:3      | Became a worshipper of Kikubaaqudgha
  1876 | D:3      | Found a sacrificial altar of Ru.
  2291 | D:4      | Noticed a scorpion
  2293 | D:4      | Upgraded the game from 0.30-a0-364-gf6b3ef1049 to
                  | 0.30-a0-365-ge7f957f1db
  2298 | D:4      | Killed a scorpion
  2299 | D:4      | Reached XP level 5. HP: 37/43 MP: 5/7
  2402 | D:4      | Found a glowing golden altar of the Shining One.
  2527 | D:4      | Reached XP level 6. HP: 50/50 MP: 8/8
  2571 | D:4      | Reached skill level 5 in Fighting
  2571 | D:4      | Reached skill level 5 in Dodging
  2845 | D:5      | Entered Level 5 of the Dungeon
  2886 | D:5      | Identified the +1 robe of Yredelemnul's Scorn {Stlth+}
  3111 | D:5      | Reached XP level 7. HP: 56/56 MP: 10/10
  3311 | D:5      | Reached * piety under Kikubaaqudgha
  3311 | D:5      | Received a gift from Kikubaaqudgha
  3617 | D:5      | Reached skill level 9 in Ranged Weapons
  3772 | D:6      | Reached XP level 8. HP: 45/63 MP: 12/12
  4023 | D:6      | Found a staircase to the Ecumenical Temple.
  4218 | D:6      | Reached ** piety under Kikubaaqudgha
  4273 | D:6      | Noticed a troll
  4274 | D:6      | Noticed a wyvern
  4288 | D:5      | Killed a wyvern
  4367 | D:6      | Reached XP level 9. HP: 40/69 MP: 14/14
  4372 | D:6      | Killed a troll
  4387 | D:6      | Found a glowing drain.
  4391 | Sewer    | Entered a sewer
  4991 | D:6      | Reached skill level 5 in Stealth
  5162 | D:7      | Learned a level 2 spell: Cigotuvi's Dreadful Rot
  5209 | D:7      | Reached *** piety under Kikubaaqudgha
  5209 | D:7      | Received a gift from Kikubaaqudgha
  5220 | D:7      | Learned a level 5 spell: Borgnjor's Vile Clutch
  5334 | D:7      | Reached skill level 5 in Armour
  5423 | D:7      | Found a radiant altar of Vehumet.
  5434 | D:7      | Reached skill level 5 in Invocations
  5484 | D:7      | Noticed Maggie
  5505 | D:7      | Killed Maggie
  5896 | D:7      | Found a burning altar of Makhleb.
  6107 | D:7      | Reached skill level 5 in Short Blades
  6107 | D:7      | Reached skill level 5 in Long Blades
  6107 | D:7      | Reached skill level 5 in Axes
  6107 | D:7      | Reached skill level 5 in Maces & Flails
  6107 | D:7      | Reached skill level 5 in Polearms
  6107 | D:7      | Reached skill level 5 in Staves
  6107 | D:7      | Reached skill level 5 in Throwing
  6107 | D:7      | Reached skill level 5 in Shields
  6107 | D:7      | Reached skill level 5 in Unarmed Combat
  6107 | D:7      | Reached skill level 5 in Spellcasting
  6107 | D:7      | Reached skill level 5 in Evocations
  6276 | D:8      | Noticed a kobold demonologist
  6276 | D:8      | Noticed a troll
  6298 | D:7      | Reached XP level 10. HP: 64/77 MP: 17/17
  6405 | D:8      | Reached skill level 10 in Ranged Weapons
  6750 | D:8      | Noticed a soul eater
  6750 | D:8      | Killed a kobold demonologist
  6787 | D:8      | Noticed a manticore
  6873 | D:9      | Noticed an ice statue
  7004 | D:9      | Found a staircase to the Lair.
  7032 | D:9      | Reached **** piety under Kikubaaqudgha
  7048 | D:9      | Found a transporter.
  7048 | D:9      | Noticed a manticore
  7049 | D:9      | Noticed a centaur warrior
  7051 | D:9      | Noticed a cyclops
  7052 | D:9      | Noticed a cyclops
  7056 | D:9      | Noticed a tengu warrior
  7276 | D:9      | Identified the +4 rapier "Wudghi Ximuty" {antimagic, Int+2}
  7363 | D:9      | Found a staircase to the Orcish Mines.
  7511 | D:9      | Noticed Erica
  7525 | D:9      | Killed Erica
  7757 | D:9      | Noticed Joseph
  7780 | D:9      | Killed Joseph
  7781 | D:9      | Reached skill level 5 in Conjurations
  7781 | D:9      | Reached skill level 5 in Hexes
  7781 | D:9      | Reached skill level 5 in Summonings
  7781 | D:9      | Reached skill level 5 in Necromancy
  7781 | D:9      | Reached skill level 5 in Translocations
  7781 | D:9      | Reached skill level 5 in Transmutations
  7781 | D:9      | Reached skill level 5 in Fire Magic
  7781 | D:9      | Reached skill level 5 in Ice Magic
  7781 | D:9      | Reached skill level 5 in Air Magic
  7781 | D:9      | Reached skill level 5 in Earth Magic
  7781 | D:9      | Reached skill level 5 in Poison Magic
  7781 | D:9      | Reached XP level 11. HP: 28/85 MP: 20/20
  8011 | D:9      | Found a transporter.
  8160 | D:9      | Reached ***** piety under Kikubaaqudgha
  8484 | D:9      | Found a hazy altar of Hepliaklqana.
  8919 | D:10     | Entered Level 10 of the Dungeon
  8919 | D:10     | Found Zin's Purification Station.
  8925 | D:10     | Found a glowing silver altar of Zin.
  8928 | D:10     | Bought a potion of curing for 90 gold pieces
  8949 | D:10     | Noticed a two-headed ogre
  8956 | D:10     | Killed a two-headed ogre
  9542 | D:10     | Found a snail-covered altar of Cheibriados.
  9609 | D:10     | Noticed Josephine
  9626 | D:10     | Killed Josephine
  9966 | D:10     | Found a broken altar of Ashenzari.
  9975 | D:10     | Found a bloodstained altar of Trog.
  9977 | D:10     | Found a shimmering blue altar of Sif Muna.
 10141 | D:10     | Found an opulent altar of Gozag.
 10488 | Lair:1   | Entered Level 1 of the Lair of Beasts
 10693 | Lair:1   | Reached skill level 11 in Ranged Weapons
 10920 | Lair:1   | You fall into a shaft and drop 1 floor!
 11585 | Lair:2   | Reached XP level 12. HP: 87/94 MP: 22/22
 12294 | Lair:2   | Found a staircase to the Swamp.
 13091 | Lair:3   | Reached skill level 10 in Armour
 13866 | D:11     | Noticed Urug
 14039 | D:11     | You fall into a shaft and drop 3 floors!
 14141 | D:13     | Noticed a boulder beetle
 14197 | D:14     | Noticed a boulder beetle
 14276 | D:14     | Noticed a centaur warrior
 14325 | D:14     | Slain by a centaur warrior

Illustrated notes

Levels and vault maps discovered:
D:1:      doesnt_arrival_eight_statues, layout_loops_ring,
          shapermc_ecumenical_altar_mp_ritualfount
D:2:      minmay_kobold_bridge, layout_loops_ring
D:3:      layout_loops_corners, kiku_gazebo_pond_becter,
          nicolae_ru_the_path_less_chosen, kennysheep_big_empty_room
D:4:      layout_rooms, nicolae_tso_carved_into_rock
D:5:      layout_loops_cross, abandoned_shop, minmay_misc_feat_iff,
          dk_noncrumbling_4, dreamdust_gnoll_farm
D:6:      layout_rooms, minmay_temple_entry_grid, serial_undead,
          serial_undead_f, serial_undead_b, serial_undead_b, serial_undead_f,
          serial_undead_c, serial_undead_b, serial_undead_a,
          gup_sewer_entry_bowl, minmay_manual_mess
D:7:      layout_loops_ring, marbit_many_paths, nicolae_vehumet_radiance,
          uniq_maggie
D:8:      layout_basic, fedhas_ov_isle_minmay, kb_rosetta
D:9:      gammafunk_sealed_arena, layout_loops_ring,
          mainiacjoe_overflow_chevrons, dpeg_oklobed_lair, zombieorc2_lemuel,
          minivault_15, uniq_erica, uniq_joseph
D:10:     layout_loops_ring, lemuel_doored_altar, zin_purify,
          mainiacjoe_overflow_six_doors_small, minitemple, enter_bailey_2,
          uniq_josephine
D:11:     layout_rooms, nicolae_shop_gadgets, uniq_urug
D:13:     layout_irregular_city, grunt_vaults_entry_tiered
D:14:     layout_roguey, kennysheep_another_room
Lair:1:   layout_cave_pods, minivault_24
Lair:2:   layout_regular_city, swamp_mist_pool
Lair:3:   layout_roguey, spider_nest_entry_funnel_web,
          nicolae_lair_grazing_beasts [nicolae_sub_lair_graze_edge,
          nicolae_sub_lair_graze_edge, nicolae_sub_lair_graze_edge,
          nicolae_sub_lair_graze_edge], grunt_megastairs_5

Skill      XL: |  1  2  3  4  5  6  7  8  9 10 11 12 |
---------------+-------------------------------------+-----
Invocations    | 1 2 3 4 5 6 7 8 |  8.5
Short Blades   | 1 2 3 5 6 7 |  7.8
Long Blades    | 1 2 3 5 6 7 |  7.8
Axes           | 1 2 3 5 6 7 |  7.8
Maces & Flails | 1 2 3 5 6 7 |  7.8
Polearms       | 1 2 3 5 6 7 |  7.8
Staves         | 1 2 3 5 6 7 |  7.8
Throwing       | 1 2 3 5 6 7 |  7.8
Armour         | 1 2 3 4 5 7 9 10 | 10.3
Shields        | 1 2 3 5 6 7 |  7.8
Unarmed Combat | 1 2 3 5 6 7 |  7.8
Spellcasting   | 1 2 3 5 6 7 |  7.8
Evocations     | 1 2 3 5 6 7 |  7.8
Conjurations   | 1 2 3 4 5 6 |  6.5
Hexes          | 1 2 3 4 5 6 |  6.5
Summonings     | 1 2 3 4 5 6 |  6.5
Necromancy     | 1 2 3 4 5 6 |  6.5
Translocations | 1 2 3 4 5 6 |  6.5
Transmutations | 1 2 3 4 5 6 |  6.5
Fire Magic     | 1 2 3 4 5 6 |  6.5
Ice Magic      | 1 2 3 4 5 6 |  6.5
Air Magic      | 1 2 3 4 5 6 |  6.5
Earth Magic    | 1 2 3 4 5 6 |  6.5
Poison Magic   | 1 2 3 4 5 6 |  6.5
Stealth        | 3 4 5 6 7 8 |  8.2
Fighting       | 5 6 7 8 9 |  9.1
Dodging        | 5 6 7 8 9 |  9.1
Ranged Weapons | 9 10 11 | 11.5

Action                   |  1- 3 |  4- 6 |  7- 9 | 10-12 || total
-------------------------+-------+-------+-------+-------++-------
Melee: Shortbow          |       |       |     1 |       ||     1
       Unarmed           |       |       |       |     5 ||     5
       Short sword       |       |       |       |     4 ||     4
       Bite              |       |       |       |     2 ||     2
 Fire: Shortbow          |    97 |   170 |   379 |  1086 ||  1732
Throw: Dart              |       |       |       |    10 ||    10
 Cast: Cigotuvi's Dreadf |       |       |     1 |       ||     1
       Borgnjor's Vile C |       |       |       |     3 ||     3
Evoke: Wand              |       |       |     6 |    16 ||    22
       Tin of tremorston |       |       |       |     3 ||     3
  Use: Scroll            |       |       |     7 |    11 ||    18
       Potion            |       |       |     1 |     7 ||     8
Armor: Leather armour    |     7 |    15 |       |       ||    22
       Robe              |       |     9 |    52 |       ||    61
       Steam dragon scal |       |       |     3 |   184 ||   187
Dodge: Dodged            |    25 |    58 |   155 |   828 ||  1066

Table legend: (Time is in decaauts)
 A = Elapsed time spent in this place.
 B = Non-inter-level travel time spent in this place.
 C = Inter-level travel time spent in this place.
 D = Time resting spent in this place.
 E = Time spent auto-exploring this place.
 F = Levels seen in this place.
 G = Mean time per level.
                   A        B        C        D        E       F      G
               +--------+--------+--------+--------+--------+-----+--------+
         Total |  14410 |  13332 |   1078 |   2062 |   8522 |  17 |  847.6 |
       Dungeon |  10641 |   9711 |    930 |    911 |   6769 |  13 |  818.5 |
          Lair |   3158 |   3010 |    148 |    876 |   1547 |   3 | 1052.7 |
         Sewer |    610 |    610 |      0 |    275 |    204 |   1 |  610.0 |
               +--------+--------+--------+--------+--------+-----+--------+

Top non-repeatable levels by time:
     D:9: 2424 daAuts
  Lair:2: 1805 daAuts
    D:10: 1444 daAuts
     D:7: 1137 daAuts
     D:6: 908 daAuts
  Lair:3: 891 daAuts
     D:5: 851 daAuts
     D:3: 828 daAuts
     D:1: 736 daAuts
     D:2: 719 daAuts
   Sewer: 610 daAuts
     D:4: 605 daAuts
     D:8: 550 daAuts
  Lair:1: 461 daAuts
    D:14: 164 daAuts
